Map: Taito Citadel LE

Players

Neuro - Winner!

  • Race: Zerg Zerg
  • League: Grandmaster
  • Spawn Location: 5:00

RuFF

  • Race: Terran Terran
  • League: Master
  • Spawn Location: 11:00

VOD

Have the link to the VOD?

Description

Time

  • Played on: Jan. 3, 2026, 11:52 p.m.
  • Length: 34:22
Show
View Real Time Build Order
Export as new Build Order

Neuro Zerg - Winner!

Build Orders: Hatch First 

Get SALT Encoding   

  12  0:00  Drone  
  13  0:08  Drone  
  14  0:14  Extractor  
  14  0:16  Drone  
  15  0:23  Overlord  
  15  0:53  Hatchery, Drone x2  
  15  0:55  Drone  
  17  1:03  Extractor  
  16  1:06  Drone  
  17  1:15  Spawning Pool  
  17  1:18  Drone  
  17  1:25  Drone  
  18  1:37  Drone  
  19  1:52  Extractor  
  18  1:54  Drone  
  19  2:02  Queen  
  19  2:06  Overlord, Roach Warren  
  20  2:10  Drone x2  
  22  2:16  Metabolic Boost  
  22  2:23  Overlord  
  22  2:34  Drone x2  
  24  2:47  Roach  
  26  2:55  Roach  
  28  3:05  Roach  
  30  3:08  Ravager  
  31  3:15  Ravager  
  31  3:16  Zergling x8  
  36  3:26  Ravager  
  37  3:29  Zergling x2  
  37  3:32  Hatchery  
  37  3:38  Zergling x2  
  38  3:43  Zergling x6  
  41  3:51  Overlord  
  41  4:11  Overlord x3  
  40  4:20  Overlord  
  40  4:21  Drone x3  
  43  4:34  Lair  
  43  4:49  Overlord  
  46  4:52  Drone x4  
  46  4:53  Drone  
  46  4:56  Queen  
  48  5:04  Roach x2  
  52  5:08  Roach  
  54  5:16  Roach x2  
  58  5:27  Roach x3  
  64  5:38  Roach  
  64  5:39  Roach x3  
  68  5:50  Roach  
  68  5:51  Roach x2  
  68  5:59  Drone x3  
  71  6:05  Drone  
  71  6:10  Drone x2  
  74  6:11  Spire  
  74  6:12  Drone  
  74  6:15  Drone  
  75  6:19  Drone  
  76  6:26  Drone  
  76  6:29  Drone  
  76  6:31  Extractor  
  77  6:32  Extractor  
  77  6:38  Drone x7  
  70  6:50  Drone x2  
  70  6:57  Spore Crawler  
  70  6:59  Spore Crawler  
  70  7:00  Spore Crawler  
  59  7:03  Drone x3  
  59  7:04  Drone  
  61  7:09  Queen  
  61  7:10  Overseer  
  61  7:15  Spore Crawler  
  62  7:21  Zerg Flyer Weapons Level 1  
  62  7:22  Mutalisk x2  
  56  7:23  Mutalisk  
  56  7:29  Corruptor  
  61  7:37  Mutalisk  
  63  7:43  Mutalisk  
  67  7:51  Drone x6  
  73  8:02  Glial Reconstitution  
  73  8:11  Spore Crawler  
  72  8:15  Hatchery  
  71  8:22  Spore Crawler  
  70  8:29  Corruptor x4  
  78  8:37  Drone x6  
  83  8:55  Drone x5  
  88  9:02  Overlord  
  84  9:06  Overlord  
  84  9:24  Zerg Flyer Weapons Level 2  
  84  9:28  Roach x7  
  98  9:39  Spore Crawler  
  98  9:40  Overseer  
  98  9:44  Roach  
  98  9:45  Roach x3, Ravager  
  105  9:51  Overlord x6  
  106  10:07  Overlord  
  106  10:08  Overlord  
  104  10:24  Roach  
  104  10:25  Roach x9  
  124  10:33  Hatchery, Overseer x2  
  124  10:34  Corruptor  
  124  10:35  Corruptor x2  
  129  10:45  Roach x6  
  139  11:01  Roach x9  
  154  11:15  Roach x4  
  144  11:21  Corruptor  
  144  11:25  Queen x3  
  138  11:33  Corruptor  
  138  11:34  Corruptor  
  136  11:49  Roach x7  
  136  11:53  Evolution Chamber  
  149  11:54  Hatchery  
  148  12:07  Overlord  
  148  12:08  Corruptor x2  
  148  12:10  Zergling x14  
  159  12:20  Ravager  
  154  12:33  Roach x7  
  139  12:49  Zergling x20  
  135  12:57  Pneumatized Carapace  
  135  13:02  Drone x9  
  144  13:06  Extractor x2  
  144  13:11  Zerg Missile Weapons Level 1  
  140  13:14  Drone x4  
  144  13:40  Roach  
  144  13:41  Roach x8  
  162  13:42  Hatchery  
  161  13:53  Overlord  
  161  13:54  Overlord x3  
  161  13:57  Infestation Pit  
  160  14:24  Spore Crawler  
  159  14:26  Roach x15  
  189  14:34  Hydralisk Den, Hive  
  189  14:37  Drone x2  
  184  15:02  Corruptor  
  184  15:03  Corruptor x7  
  200  15:12  Zerg Missile Weapons Level 2  
  197  15:16  Spore Crawler x2  
  197  15:19  Burrow  
  195  15:23  Queen  
  196  15:39  Ravager x4  
  196  15:41  Overseer x2  
  200  15:56  Hatchery  
  199  15:58  Hatchery  
  198  16:12  Hatchery  
  198  16:14  Roach  
  188  16:46  Roach x13  
  184  16:51  Overlord x5  
  184  16:52  Spawning Pool  
  180  17:00  Spire  
  179  17:07  Ravager x4  
  199  17:15  Roach x8  
  164  17:49  Roach x31  
  187  18:02  Drone x9  
  189  18:09  Drone x4  
  193  18:30  Roach x5  
  199  18:35  Spine Crawler  
  199  18:36  Spine Crawler  
  199  18:40  Spore Crawler  
  196  19:05  Viper  
  196  19:07  Hatchery  
  196  19:09  Greater Spire  
  198  19:26  Viper  
  197  19:31  Overseer  
  197  19:33  Viper  
  198  19:40  Queen  
  198  19:42  Adrenal Glands  
  168  20:04  Zergling x58  
  168  20:05  Zergling x2  
  192  20:20  Queen  
  194  20:32  Brood Lord  
  194  20:34  Brood Lord  
  198  20:36  Brood Lord  
  200  20:52  Spine Crawler  
  163  21:30  Roach x15  
  163  21:32  Queen  
  157  21:49  Zergling x40  
  176  21:58  Corruptor  
  178  22:03  Corruptor x3  
  106  23:13  Spire, Drone x11, Extractor  
  106  23:14  Extractor  
  106  23:15  Drone x3  
  110  23:26  Spawning Pool  
  91  23:40  Drone x3  
  92  23:51  Hatchery  
  91  24:20  Queen x2, Zergling x40  
  91  24:21  Queen x4  
  123  24:38  Corruptor x3  
  125  24:41  Drone x3  
  132  24:56  Corruptor  
  134  25:06  Corruptor  
  136  25:10  Extractor  
  136  25:11  Extractor  
  134  25:16  Corruptor  
  134  25:19  Drone  
  129  25:26  Spore Crawler  
  129  25:27  Spore Crawler  
  127  25:30  Corruptor  
  127  25:32  Zergling x60  
  158  25:38  Corruptor  
  156  25:58  Corruptor x3  
  156  26:00  Zergling x6  
  156  26:02  Extractor  
  156  26:04  Extractor  
  152  26:21  Roach  
  152  26:22  Roach x5  
  146  26:29  Roach x3  
  135  26:44  Roach x7  
  131  26:58  Overseer  
  127  27:02  Drone x7  
  132  27:11  Spire  
  125  27:26  Drone x9  
  134  27:37  Drone x3  
  134  27:38  Drone x5  
  132  28:10  Hatchery  
  125  28:14  Drone x8  
  125  28:18  Zerg Flyer Armor Level 1  
  127  28:23  Drone x9  
  131  28:30  Drone x4  
  128  28:49  Spine Crawler  
  128  28:50  Spore Crawler, Spine Crawler  
  128  28:55  Spine Crawler  
  124  29:07  Hatchery  
  114  29:13  Drone x10  
  114  29:14  Drone  
  118  29:22  Roach  
  109  29:34  Drone x2  
  109  29:42  Zerg Missile Weapons Level 3  
  109  29:43  Ravager x3  
  109  29:44  Ravager x2  
  114  29:56  Drone x6  
  120  30:13  Drone x8  
  114  30:40  Roach x9  
  132  30:47  Roach x2  
  128  31:05  Viper x6  
  128  31:08  Overseer  
  146  31:13  Queen  
  148  31:21  Zergling x2  
  149  31:27  Roach x7  
  149  31:31  Roach x2  
  165  31:40  Roach x4  
  165  31:48  Roach  
  165  31:49  Roach x2  
  168  32:09  Roach x5  
  168  32:11  Ravager x3  
  166  32:50  Roach x4  
  174  32:53  Drone  
  171  33:12  Roach x2  
  157  33:28  Roach x3  
Show
View Real Time Build Order
Export as new Build Order

RuFF Terran 

Build Orders: 2 Factory, Hellion Opening 

Get SALT Encoding   

  12  0:00  SCV  
  13  0:12  SCV  
  14  0:19  Supply Depot  
  14  0:24  SCV  
  15  0:29  Refinery  
  15  0:41  SCV  
  16  0:48  Barracks  
  16  0:53  SCV  
  17  1:05  SCV  
  18  1:19  SCV  
  19  1:31  Engineering Bay  
  19  1:32  Engineering Bay  
  19  1:36  Marine  
  19  1:39  Orbital Command  
  20  1:44  Factory  
  20  1:51  Bunker  
  20  1:58  Supply Depot  
  20  2:02  Marine  
  21  2:20  SCV  
  22  2:28  Hellion  
  24  2:34  Barracks Reactor, Factory  
  24  2:37  Supply Depot  
  24  2:40  SCV  
  25  2:49  Hellion  
  27  2:52  SCV  
  28  3:04  SCV  
  29  3:13  Command Center  
  29  3:17  Hellion  
  31  3:24  Hellion  
  33  3:28  Hellion  
  35  3:38  Armory  
  35  3:43  Hellion  
  35  3:45  SCV  
  38  4:00  Supply Depot  
  38  4:20  Factory Tech Lab  
  38  4:25  Hellion, Orbital Command  
  42  4:36  Refinery  
  42  4:37  Starport x2  
  42  4:39  Marine  
  42  4:43  Hellion, Bunker  
  43  4:51  Hellion x7  
  43  4:55  Hellion  
  43  4:57  Marine  
  46  5:05  Hellion  
  48  5:08  Supply Depot  
  48  5:18  Starport Tech Lab x2  
  48  5:19  SCV  
  49  5:22  Hyperflight Rotors  
  49  5:23  SCV  
  50  5:34  Refinery x2  
  50  5:41  Banshee x2  
  44  6:01  Hellion x2  
  40  6:05  SCV  
  40  6:11  Cloaking Field  
  41  6:14  SCV  
  41  6:18  SCV  
  43  6:21  Terran Ship Weapons Level 1  
  43  6:26  SCV  
  43  6:30  SCV  
  45  6:38  SCV  
  45  6:53  Banshee x2  
  51  6:59  SCV x2  
  53  7:11  SCV  
  53  7:12  Supply Depot, SCV  
  55  7:23  SCV  
  55  7:28  SCV  
  57  7:37  SCV  
  64  7:38  Factory Tech Lab  
  64  7:40  Factory Reactor  
  64  7:43  SCV  
  65  7:56  Engineering Bay  
  65  7:57  Viking x2  
  65  7:58  Thor  
  66  8:09  SCV  
  66  8:12  SCV  
  70  8:20  Hellion  
  70  8:23  Hellion  
  71  8:28  Missile Turret x2  
  71  8:29  Missile Turret  
  71  8:31  Missile Turret  
  71  8:35  Terran Vehicle Weapons Level 1  
  71  8:36  Missile Turret  
  71  8:39  Command Center  
  69  8:42  Missile Turret  
  69  8:45  Thor  
  71  9:02  SCV x2  
  73  9:12  Missile Turret  
  73  9:16  Banshee  
  73  9:17  Raven  
  78  9:20  Supply Depot  
  78  9:21  Supply Depot  
  78  9:33  SCV  
  78  9:37  Supply Depot  
  79  9:39  Supply Depot  
  79  9:40  Supply Depot, Thor  
  79  9:42  Hellion  
  87  9:47  Hellion  
  89  9:53  Supply Depot  
  89  10:02  Banshee x2  
  89  10:07  Fusion Core  
  95  10:10  Infernal Pre-Igniter  
  95  10:15  SCV x2  
  97  10:26  Siege Tank  
  97  10:27  Hellion x2  
  104  10:30  Missile Turret  
  104  10:36  Terran Vehicle Weapons Level 2  
  104  10:42  Factory  
  104  10:43  Factory  
  64  11:26  Siege Tank  
  64  11:27  Factory Tech Lab x2  
  64  11:28  Hellion x2  
  69  11:40  Planetary Fortress  
  69  11:42  Missile Turret  
  69  11:45  SCV  
  70  11:50  Missile Turret  
  70  11:51  SCV  
  70  11:53  Siege Tank  
  70  11:54  Hellion x2, Siege Tank  
  77  11:56  Banshee x2  
  77  11:58  SCV  
  77  11:59  Missile Turret  
  88  12:04  Missile Turret  
  88  12:07  Sensor Tower  
  88  12:12  SCV x2  
  88  12:14  Weapon Refit  
  90  12:21  Refinery  
  90  12:24  SCV  
  91  12:31  Siege Tank  
  88  12:40  Siege Tank  
  88  12:42  Siege Tank  
  82  13:06  Thor  
  82  13:12  Thor  
  94  13:14  Hellion  
  94  13:18  Barracks Reactor  
  96  13:20  Factory  
  96  13:24  Missile Turret  
  96  13:28  Missile Turret  
  96  13:30  SCV  
  96  13:33  Supply Depot  
  97  13:35  Hellion  
  97  13:36  Refinery  
  99  13:43  Smart Servos  
  99  13:47  Terran Vehicle And Ship Armor Level 1  
  99  13:50  SCV  
  99  13:52  Banshee  
  99  13:53  Banshee  
  106  13:59  Neosteel Armor  
  106  14:00  SCV x2  
  108  14:10  Hellion x2  
  112  14:19  Thor  
  112  14:22  Thor  
  124  14:25  Siege Tank  
  127  15:12  Thor x2, Siege Tank  
  127  15:13  Hellion x2  
  143  15:17  SCV  
  144  15:23  Command Center  
  144  15:30  SCV  
  144  15:31  Command Center  
  145  15:36  SCV  
  145  15:42  Terran Vehicle Weapons Level 3  
  146  16:21  Missile Turret  
  146  16:26  Missile Turret  
  118  16:58  Siege Tank x3  
  118  16:59  Hellion x2  
  113  17:12  Planetary Fortress  
  113  17:13  Refinery  
  113  17:15  Refinery  
  113  17:20  Hellion x2  
  117  17:30  Hellion, Siege Tank  
  117  17:36  SCV  
  65  18:06  Siege Tank x3  
  65  18:07  Hellion x2  
  65  18:09  SCV  
  77  18:14  SCV  
  77  18:15  Factory  
  77  18:18  Factory x2  
  77  18:19  SCV  
  77  18:21  SCV  
  77  18:26  SCV  
  80  18:34  Command Center  
  79  18:38  Siege Tank  
  78  18:44  Battlecruiser x2  
  78  18:46  Hellion x2  
  90  18:57  Command Center  
  90  19:01  Missile Turret  
  90  19:02  Missile Turret  
  90  19:03  Missile Turret x2  
  90  19:05  Missile Turret  
  90  19:07  Missile Turret  
  90  19:14  Command Center  
  86  19:37  Refinery  
  86  19:38  Refinery  
  86  19:50  Factory Tech Lab x3  
  82  20:06  Refinery  
  82  20:09  Planetary Fortress  
  82  20:11  Hellion x3  
  82  20:14  Battlecruiser x2  
  100  20:39  Planetary Fortress  
  100  20:41  SCV x2  
  100  20:42  SCV  
  104  20:45  Missile Turret x2  
  104  20:50  Planetary Fortress  
  104  20:53  SCV  
  104  20:54  SCV  
  105  21:02  Siege Tank  
  105  21:03  Siege Tank x2  
  113  21:05  Thor x2  
  113  21:06  SCV  
  126  21:18  SCV  
  120  21:30  SCV  
  103  21:38  SCV  
  95  21:48  SCV  
  95  21:50  SCV  
  95  21:52  Battlecruiser  
  106  22:02  SCV  
  107  22:10  Missile Turret  
  107  22:11  Missile Turret  
  107  22:14  SCV x2  
  103  22:26  SCV x2  
  103  22:27  Refinery  
  83  22:38  SCV  
  83  22:42  Siege Tank x2  
  80  22:45  Refinery  
  80  22:46  Refinery  
  80  22:50  SCV  
  69  23:02  SCV  
  69  23:03  Hellion  
  71  23:14  Hellion x2  
  59  23:34  Barracks  
  59  23:38  Starport x3  
  59  23:40  Starport  
  59  23:41  Starport x2  
  55  23:42  Starport  
  55  23:43  Starport  
  55  23:48  Supply Depot x2  
  55  23:49  SCV x2  
  55  23:50  Supply Depot  
  55  23:51  Supply Depot  
  55  23:55  Refinery  
  56  24:00  Terran Ship Weapons Level 2  
  56  24:01  SCV  
  56  24:13  SCV  
  56  24:16  Viking x4  
  65  24:18  Viking x2  
  65  24:20  Viking  
  70  24:26  Viking  
  68  24:55  Viking  
  68  24:56  Viking x2  
  74  25:04  Starport Tech Lab  
  74  25:13  SCV x2  
  74  25:16  Factory  
  74  25:17  Factory  
  73  25:25  SCV x2  
  73  25:26  Banshee  
  76  25:37  Starport Tech Lab, SCV x2  
  76  25:38  Starport Tech Lab x3  
  82  26:04  Banshee  
  82  26:07  Refinery  
  82  26:27  Viking  
  65  26:47  Viking  
  64  26:56  Hellion  
  64  26:57  Hellion, Viking  
  70  27:01  Armory  
  70  27:04  Factory x2  
  70  27:05  Factory  
  67  27:17  Viking  
  67  27:18  Hellion x2  
  70  27:27  Viking  
  70  27:39  Factory Tech Lab  
  70  27:40  Factory Tech Lab  
  60  27:51  Factory Tech Lab x2  
  60  27:52  Factory Reactor  
  60  28:05  Refinery  
  58  28:07  Supply Depot  
  58  28:09  Supply Depot  
  58  28:10  Thor  
  58  28:11  Engineering Bay, Thor x3  
  78  28:30  Hellion x2  
  76  28:47  Command Center  
  76  28:50  Supply Depot, Missile Turret x2  
  76  28:51  Supply Depot, Terran Vehicle And Ship Armor Level 2  
  76  28:52  Missile Turret  
  76  28:53  Missile Turret  
  76  28:57  Siege Tank  
  76  28:58  Hellion x3  
  85  29:21  Hellion x3  
  79  29:34  Siege Tank  
  82  29:40  Refinery  
  82  29:42  Refinery  
  82  29:45  Siege Tank  
  85  29:46  Hellion x4  
  85  29:48  Refinery  
  87  30:10  Hellion x4  
  87  30:12  Planetary Fortress  
  87  30:21  Siege Tank  
  87  30:24  Hellion x3  
  96  30:29  Hellion x2  
  94  30:45  Hellion  
  96  31:02  Siege Tank  
  99  31:16  SCV x2  
  89  31:34  Siege Tank  
  89  31:37  Command Center, Siege Tank  
  95  31:52  Siege Tank x2  
  101  32:06  Missile Turret  
  70  32:41  Hellion  
  70  32:42  Hellion x2  
  58  32:46  Starport  
  58  32:47  Starport, Refinery  
  57  32:54  Planetary Fortress  
  54  33:03  Hellion  
  28  33:23  Starport Tech Lab  
  28  33:24  Starport Tech Lab  
  28  33:25  Fusion Core  
  25  33:28  SCV  
  29  33:36  SCV  
  29  33:40  SCV  
  32  33:52  SCV  
  32  34:04  SCV  
Tags
 
Add a new tag
Caveats
  • Supply blocks, unpowered buildings, or Contaminate may cause inaccurate times.
  • Supply counts are checked every 10 seconds.